[ AOE2 MATCH · #478808331 ]
UnrankedGoths vs Lithuanians
[ REPLAY ANALYSIS · EXTRACTED FROM THE RECORDED GAME ]
Feudal
—
Castle
—
Imperial
—
| APM avg | 29.2 |
| APM peak | 61 |
| eAPM avg | 9.2 |
| Villagers / military | 23 / 51 |
Focus
⚔️ 42.5% · 🌾 57.5%
Militia ×31 · Archer ×9 · Spearman ×7 · Skirmisher ×4
Feudal
—
Castle
—
Imperial
—
| APM avg | 18.1 |
| APM peak | 35 |
| eAPM avg | 10.8 |
| Villagers / military | 51 / 29 |
Focus
⚔️ 22.2% · 🌾 77.8%
Scout Cavalry ×12 · Militia ×9 · Skirmisher ×7 · Monk ×1
Feudal
—
Castle
—
Imperial
—
| APM avg | 17.4 |
| APM peak | 48 |
| eAPM avg | 10.0 |
| Villagers / military | 65 / 18 |
Focus
⚔️ 17.8% · 🌾 82.2%
Spearman ×9 · Archer ×6 · Cavalry Archer ×3
Feudal
—
Castle
—
Imperial
—
| APM avg | 21.7 |
| APM peak | 83 |
| eAPM avg | 16.5 |
| Villagers / military | 24 / 16 |
Focus
⚔️ 14.5% · 🌾 85.5%
Militia ×9 · Archer ×6 · Skirmisher ×1
Match map
Initial resources + every placement click. Lines = walls · curves = elevation contours. ◆ gold · ⬟ stone · ● berries · ✦ relic · ◌ wall gap
Your base· Open — unwalled flank
eXo BlackOut's base· ✓ Closed at 21:35 · 32t walls · 2 gate(s)
faker's base· Open — 7t gap
eXo Leech's base· Open — unwalled flank
Smoothed initial terrain · ◌ = detected wall gap · hover for details
Inputs per minute
— Niebezpieczny Bombalong - - eXo BlackOut
Build order — Niebezpieczny Bombalong
97 actions detected in the replay
| 0:01 | Create | Villager (Male) |
| 0:01 | Create | Villager (Male) |
| 0:01 | Create | Villager (Male) |
| 0:02 | Create | Villager (Male) |
| 0:03 | Build | House |
| 0:05 | Build | House |
| 1:25 | Create | Villager (Male) |
| 2:07 | Create | Villager (Male) |
| 2:07 | Create | Villager (Male) |
| 2:47 | Create | Villager (Male) |
| 3:26 | Create | Villager (Male) |
| 3:26 | Create | Villager (Male) |
| 3:27 | Create | Villager (Male) |
| 3:58 | Create | Villager (Male) |
| 3:59 | Create | Villager (Male) |
| 4:37 | Build | Mill |
| 5:12 | Create | Villager (Male) |
| 5:12 | Create | Villager (Male) |
| 5:12 | Create | Villager (Male) |
| 5:12 | Create | Villager (Male) |
| 5:16 | Build | House |
| 5:17 | Build | House |
| 7:14 | Build | Mill |
| 7:45 | Create | Villager (Male) |
| 7:50 | Create | Villager (Male) |
| 8:11 | Build | Barracks |
| 9:21 | Research | Feudal Age |
| 9:43 | Build | Mining Camp |
| 10:15 | Build | Lumber Camp |
| 11:33 | Research | Gold Mining |
| 11:36 | Create | Villager (Male) |
| 11:36 | Create | Villager (Male) |
| 11:40 | Research | Man-at-Arms (upgrade) |
| 11:41 | Create | Militia |
| 11:41 | Create | Militia |
| 11:42 | Create | Spearman |
| 11:42 | Create | Militia |
| 11:43 | Create | Militia |
| 12:01 | Research | Double-Bit Axe |
| 12:35 | Build | House |
| 12:52 | Build | House |
| 13:17 | Create | Militia |
| 13:25 | Build | Watch Tower |
| 13:41 | Create | Militia |
| 14:13 | Build | Blacksmith |
| 14:21 | Create | Militia |
| 14:22 | Create | Militia |
| 14:35 | Research | Forging |
| 14:35 | Research | Scale Mail Armor |
| 14:53 | Create | Spearman |
| 15:10 | Build | Archery Range |
| 15:24 | Create | Villager (Male) |
| 15:25 | Create | Villager (Male) |
| 15:39 | Create | Spearman |
| 16:43 | Create | Archer |
| 16:44 | Create | Archer |
| 16:44 | Create | Archer |
| 16:44 | Create | Archer |
| 16:45 | Create | Archer |
| 17:01 | Build | Mill |
| 17:11 | Create | Archer |
| 17:12 | Create | Archer |
| 18:26 | Build | House |
| 18:27 | Build | House |
| 18:52 | Create | Militia |
| 18:52 | Create | Militia |
| 18:53 | Create | Militia |
| 18:53 | Create | Militia |
| 19:02 | Build | Barracks |
| 19:27 | Build | Barracks |
| 19:31 | Create | Spearman |
| 19:32 | Create | Spearman |
| 20:44 | Build | Barracks |
| 21:00 | Create | Spearman |
| 21:19 | Create | Militia |
| 21:19 | Create | Militia |
| 21:19 | Create | Militia |
| 21:20 | Create | Militia |
| 21:30 | Create | Militia ×5 |
| 21:31 | Create | Militia ×5 |
| 23:00 | Build | House |
| 23:01 | Build | House |
| 23:47 | Create | Militia ×5 |
| 23:56 | Create | Skirmisher |
| 23:56 | Create | Skirmisher |
| 23:56 | Create | Skirmisher |
| 23:57 | Create | Skirmisher |
| 27:11 | Create | Archer |
| 27:11 | Create | Archer |
| 27:49 | Build | Outpost |
| 27:51 | Build | Outpost |
| 27:52 | Build | Outpost |
| 28:02 | Build | Farm |
| 28:03 | Build | Farm |
| 28:04 | Build | Farm |
| 28:11 | Build | Farm |
| 28:49 | Create | Spearman |
Build order — eXo BlackOut
First 150 of 156 actions detected
| 0:01 | Create | Villager (Male) |
| 0:01 | Create | Villager (Male) |
| 0:01 | Create | Villager (Male) |
| 0:03 | Build | House |
| 0:05 | Build | House |
| 0:46 | Create | Villager (Male) |
| 1:02 | Create | Villager (Male) |
| 1:14 | Create | Villager (Male) |
| 1:29 | Create | Villager (Male) |
| 2:11 | Create | Villager (Male) |
| 2:25 | Build | Lumber Camp |
| 2:33 | Create | Villager (Male) |
| 2:41 | Research | Loom |
| 2:54 | Create | Villager (Male) |
| 2:58 | Build | House |
| 3:04 | Build | House |
| 3:11 | Create | Villager (Male) |
| 4:12 | Create | Villager (Male) |
| 4:30 | Create | Villager (Male) |
| 4:32 | Create | Villager (Male) |
| 5:30 | Build | Mill |
| 5:53 | Build | Barracks |
| 6:15 | Create | Villager (Male) |
| 6:24 | Create | Villager (Male) |
| 6:55 | Build | House |
| 6:59 | Create | Villager (Male) |
| 7:14 | Create | Villager (Male) |
| 7:57 | Create | Villager (Male) |
| 8:24 | Research | Feudal Age |
| 8:29 | Build | Mining Camp |
| 8:51 | Build | Mill |
| 9:04 | Create | Villager (Male) |
| 9:04 | Create | Villager (Male) |
| 9:16 | Create | Militia |
| 9:55 | Create | Militia |
| 9:55 | Create | Militia |
| 9:56 | Create | Militia |
| 10:36 | Create | Villager (Male) |
| 10:36 | Create | Villager (Male) |
| 10:39 | Build | Farm |
| 10:41 | Build | Farm |
| 10:43 | Build | Farm |
| 11:02 | Research | Man-at-Arms (upgrade) |
| 11:18 | Build | Stable |
| 11:22 | Create | Villager (Male) |
| 11:25 | Build | House |
| 11:29 | Create | Villager (Male) |
| 12:08 | Create | Militia |
| 12:35 | Create | Villager (Male) |
| 12:37 | Create | Villager (Male) |
| 12:44 | Build | House |
| 12:46 | Build | House |
| 13:04 | Build | Farm |
| 13:05 | Build | Farm |
| 13:06 | Build | Farm |
| 13:41 | Build | Blacksmith |
| 13:52 | Build | Palisade Wall |
| 13:55 | Create | Villager (Male) |
| 13:56 | Create | Villager (Male) |
| 13:59 | Create | Militia |
| 14:00 | Research | Arson |
| 14:10 | Create | Villager (Male) |
| 14:11 | Create | Villager (Male) |
| 14:33 | Create | Villager (Male) |
| 14:40 | Build | Farm |
| 14:41 | Build | Farm |
| 14:43 | Build | Farm |
| 14:44 | Build | Farm |
| 15:11 | Research | Scale Mail Armor |
| 15:37 | Research | Bloodlines |
| 15:38 | Create | Scout Cavalry |
| 15:38 | Create | Scout Cavalry |
| 15:39 | Create | Scout Cavalry |
| 15:47 | Build | Farm |
| 15:50 | Build | Farm |
| 15:53 | Build | Farm |
| 15:57 | Build | Farm |
| 15:59 | Create | Villager (Male) |
| 16:06 | Create | Villager (Male) |
| 16:41 | Build | Lumber Camp |
| 16:43 | Create | Villager (Male) |
| 16:53 | Build | Market |
| 17:03 | Build | Palisade Wall |
| 17:08 | Build | Palisade Wall |
| 17:19 | Create | Scout Cavalry |
| 17:23 | Research | Scale Barding Armor |
| 17:30 | Build | House |
| 17:32 | Build | House |
| 17:47 | Research | Forging |
| 17:50 | Build | Farm |
| 18:06 | Build | Farm |
| 18:07 | Build | Farm |
| 18:09 | Build | Farm |
| 18:50 | Build | House |
| 19:01 | Create | Scout Cavalry |
| 19:01 | Create | Scout Cavalry |
| 19:02 | Create | Scout Cavalry |
| 19:02 | Create | Scout Cavalry |
| 19:24 | Create | Villager (Male) |
| 19:25 | Create | Villager (Male) |
| 19:34 | Build | Farm |
| 19:35 | Build | Farm |
| 19:37 | Build | Farm |
| 19:38 | Build | Farm |
| 21:10 | Build | Farm |
| 21:11 | Build | Farm |
| 21:23 | Build | Farm |
| 21:24 | Build | Farm |
| 21:35 | Research | Castle Age |
| 21:45 | Build | House |
| 22:23 | Build | Palisade Gate |
| 22:27 | Research | Horse Collar |
| 22:34 | Build | Archery Range |
| 23:01 | Research | Fletching |
| 23:04 | Create | Villager (Male) |
| 23:04 | Create | Villager (Male) |
| 23:05 | Create | Villager (Male) |
| 23:18 | Build | Archery Range |
| 23:23 | Create | Skirmisher |
| 23:24 | Create | Skirmisher |
| 23:24 | Create | Skirmisher |
| 23:24 | Create | Skirmisher |
| 23:24 | Create | Skirmisher |
| 23:59 | Create | Militia |
| 23:59 | Create | Militia |
| 23:59 | Create | Militia |
| 24:14 | Create | Scout Cavalry |
| 24:14 | Create | Scout Cavalry |
| 24:14 | Create | Scout Cavalry |
| 24:14 | Create | Scout Cavalry |
| 24:17 | Create | Skirmisher |
| 24:17 | Create | Skirmisher |
| 24:38 | Create | Villager (Male) |
| 24:39 | Create | Villager (Male) |
| 24:39 | Create | Villager (Male) |
| 25:07 | Create | Villager (Male) |
| 25:07 | Create | Villager (Male) |
| 25:07 | Create | Villager (Male) |
| 25:11 | Research | Double-Bit Axe |
| 25:33 | Research | Chain Barding Armor |
| 25:36 | Research | Husbandry |
| 26:09 | Create | Villager (Male) |
| 26:27 | Build | Town Center |
| 26:32 | Create | Villager (Male) |
| 27:09 | Research | Light Cavalry (upgrade) |
| 27:19 | Build | Monastery |
| 27:22 | Create | Villager (Male) |
| 27:51 | Build | House |
| 27:52 | Build | House |
| 27:53 | Build | House |
Build order — faker
First 150 of 161 actions detected
| 0:00 | Create | Villager (Male) |
| 0:01 | Create | Villager (Male) |
| 0:01 | Create | Villager (Male) |
| 0:02 | Create | Villager (Male) |
| 0:03 | Build | House |
| 0:06 | Build | House |
| 2:04 | Create | Villager (Male) |
| 2:05 | Create | Villager (Male) |
| 2:08 | Build | Lumber Camp |
| 2:26 | Create | Villager (Male) |
| 2:55 | Create | Villager (Male) |
| 3:22 | Create | Villager (Male) |
| 3:29 | Build | House |
| 3:30 | Build | House |
| 3:56 | Create | Villager (Male) |
| 4:20 | Create | Villager (Male) |
| 4:34 | Build | House |
| 4:54 | Create | Villager (Male) |
| 6:06 | Create | Villager (Male) |
| 6:22 | Create | Villager (Male) |
| 6:57 | Create | Villager (Male) |
| 7:39 | Build | Mill |
| 7:44 | Create | Villager (Male) |
| 8:09 | Create | Villager (Male) |
| 8:32 | Create | Villager (Male) |
| 9:07 | Build | Mining Camp |
| 9:12 | Create | Villager (Male) |
| 9:26 | Research | Feudal Age |
| 9:29 | Create | Villager (Male) |
| 9:31 | Research | Feudal Age |
| 10:20 | Research | Loom |
| 10:20 | Create | Villager (Male) |
| 10:37 | Build | House |
| 10:43 | Build | House |
| 10:48 | Build | House |
| 10:51 | Build | House |
| 12:13 | Research | Double-Bit Axe |
| 12:15 | Research | Horse Collar |
| 12:32 | Build | Farm |
| 12:34 | Build | Farm |
| 12:35 | Build | Farm |
| 12:39 | Build | Farm |
| 12:41 | Build | Farm |
| 12:55 | Build | Blacksmith |
| 12:58 | Build | Market |
| 13:04 | Create | Villager (Male) |
| 13:05 | Create | Villager (Male) |
| 13:29 | Build | Barracks |
| 14:01 | Create | Villager (Male) |
| 14:02 | Create | Villager (Male) |
| 14:21 | Build | Archery Range |
| 14:23 | Build | Archery Range |
| 14:25 | Build | Archery Range |
| 14:37 | Create | Villager (Male) |
| 14:56 | Create | Villager (Male) |
| 15:27 | Create | Villager (Male) |
| 15:40 | Build | Farm |
| 15:41 | Build | Farm |
| 15:43 | Build | Farm |
| 15:55 | Build | Farm |
| 15:55 | Build | Farm |
| 15:59 | Create | Villager (Male) |
| 15:59 | Create | Villager (Male) |
| 16:49 | Create | Archer |
| 16:49 | Create | Archer |
| 16:50 | Create | Archer |
| 17:04 | Build | Mill |
| 17:11 | Build | Farm |
| 17:11 | Build | Farm |
| 17:11 | Build | Farm |
| 17:12 | Build | Farm |
| 17:13 | Build | Farm |
| 17:29 | Build | Farm |
| 17:31 | Build | Farm |
| 17:47 | Build | Farm |
| 17:50 | Create | Villager (Male) |
| 17:50 | Create | Villager (Male) |
| 18:19 | Build | Lumber Camp |
| 18:49 | Research | Castle Age |
| 19:54 | Create | Archer |
| 19:54 | Create | Archer |
| 19:55 | Create | Archer |
| 20:30 | Create | Spearman |
| 20:31 | Create | Spearman |
| 21:07 | Create | Spearman |
| 21:10 | Create | Spearman |
| 21:30 | Research | Fletching |
| 21:36 | Create | Villager (Male) |
| 21:36 | Create | Villager (Male) |
| 21:36 | Create | Villager (Male) |
| 21:54 | Build | Town Center |
| 22:13 | Create | Spearman |
| 22:13 | Create | Spearman |
| 22:15 | Research | Squires |
| 22:16 | Research | Gambesons |
| 22:18 | Research | Pikeman (upgrade) |
| 22:33 | Build | House |
| 22:34 | Build | House |
| 22:36 | Build | House |
| 23:11 | Build | Town Center |
| 23:19 | Create | Villager (Male) |
| 23:20 | Create | Villager (Male) |
| 24:37 | Create | Villager (Male) |
| 24:37 | Create | Villager (Male) |
| 24:38 | Create | Villager (Male) |
| 24:38 | Create | Villager (Male) |
| 24:38 | Create | Villager (Male) |
| 24:39 | Create | Villager (Male) |
| 24:39 | Create | Villager (Male) |
| 24:40 | Create | Villager (Male) |
| 25:13 | Build | Mining Camp |
| 25:24 | Create | Spearman |
| 25:25 | Create | Spearman |
| 25:25 | Create | Spearman |
| 25:46 | Create | Villager (Male) |
| 25:46 | Create | Villager (Male) |
| 25:47 | Create | Villager (Male) |
| 25:47 | Create | Villager (Male) |
| 25:48 | Create | Villager (Male) |
| 25:48 | Create | Villager (Male) |
| 25:53 | Research | Stone Mining |
| 25:53 | Research | Gold Mining |
| 25:55 | Create | Villager (Male) |
| 25:56 | Create | Villager (Male) |
| 25:56 | Create | Villager (Male) |
| 25:56 | Create | Villager (Male) |
| 26:01 | Build | Farm |
| 26:01 | Build | Farm |
| 26:01 | Build | Farm |
| 26:02 | Build | Farm |
| 26:18 | Build | Farm |
| 26:20 | Build | Farm |
| 26:21 | Build | Farm |
| 26:21 | Build | Farm |
| 26:29 | Build | Farm |
| 26:47 | Build | Farm |
| 27:22 | Create | Villager (Male) |
| 27:23 | Create | Villager (Male) |
| 27:23 | Create | Villager (Male) |
| 27:24 | Create | Villager (Male) |
| 27:27 | Research | Wheelbarrow |
| 27:27 | Research | Town Watch |
| 27:28 | Create | Villager (Male) |
| 27:40 | Create | Villager (Male) |
| 27:44 | Build | Farm |
| 27:58 | Research | Bow Saw |
| 28:00 | Research | Heavy Plow |
| 28:12 | Build | Farm |
| 28:28 | Create | Cavalry Archer |
| 28:28 | Create | Cavalry Archer |
Build order — eXo Leech
60 actions detected in the replay
| 0:05 | Build | House |
| 0:11 | Build | House |
| 0:15 | Create | Villager (Male) |
| 0:16 | Research | Loom |
| 0:17 | Create | Villager (Male) |
| 0:17 | Create | Villager (Male) |
| 0:17 | Create | Villager (Male) |
| 0:18 | Create | Villager (Male) |
| 2:01 | Create | Villager (Male) |
| 2:41 | Create | Villager (Male) |
| 3:00 | Create | Villager (Male) |
| 3:19 | Build | Lumber Camp |
| 3:24 | Create | Villager (Male) |
| 3:36 | Create | Villager (Male) |
| 4:19 | Build | House |
| 4:29 | Create | Villager (Male) |
| 4:35 | Build | House |
| 4:50 | Create | Villager (Male) |
| 5:01 | Create | Villager (Male) |
| 5:27 | Create | Villager (Male) |
| 5:47 | Build | Mill |
| 5:53 | Create | Villager (Male) |
| 5:53 | Create | Villager (Male) |
| 6:11 | Create | Villager (Male) |
| 6:55 | Create | Villager (Male) |
| 7:53 | Build | Mining Camp |
| 8:44 | Build | Mining Camp |
| 9:07 | Build | House |
| 9:12 | Build | House |
| 9:46 | Research | Feudal Age |
| 11:06 | Build | Barracks |
| 11:17 | Create | Villager (Male) |
| 11:17 | Create | Villager (Male) |
| 11:18 | Create | Villager (Male) |
| 11:58 | Research | Man-at-Arms (upgrade) |
| 12:01 | Create | Militia |
| 12:01 | Create | Militia |
| 12:01 | Create | Militia |
| 12:01 | Create | Militia |
| 12:17 | Build | Stone Wall |
| 12:24 | Build | Stone Wall |
| 12:47 | Create | Villager (Male) |
| 12:48 | Create | Villager (Male) |
| 12:56 | Build | House |
| 14:39 | Create | Militia |
| 14:39 | Create | Militia |
| 14:39 | Create | Militia |
| 14:40 | Create | Militia |
| 15:07 | Build | Watch Tower |
| 15:23 | Build | Blacksmith |
| 15:47 | Create | Villager (Male) |
| 17:40 | Build | Archery Range |
| 17:59 | Create | Militia |
| 18:18 | Create | Archer |
| 18:53 | Create | Archer |
| 19:14 | Create | Skirmisher |
| 19:36 | Create | Archer |
| 21:03 | Create | Archer |
| 21:03 | Create | Archer |
| 21:03 | Create | Archer |
Match timeline
| 5:53 | eXo BlackOut · first_building Barracks |
| 8:11 | Niebezpieczny Bombalong · first_building Barracks |
| 11:06 | eXo Leech · first_building Barracks |
| 11:18 | eXo BlackOut · first_building Stable |
| 12:17 | eXo Leech · wall_segment Stone Wall x35 |
| 12:24 | eXo Leech · wall_segment Stone Wall x14 |
| 13:29 | faker · first_building Barracks |
| 13:52 | eXo BlackOut · wall_segment Palisade Wall x6 |
| 14:21 | faker · first_building Archery Range |
| 15:10 | Niebezpieczny Bombalong · first_building Archery Range |
| 17:03 | eXo BlackOut · wall_segment Palisade Wall x11 |
| 17:08 | eXo BlackOut · wall_segment Palisade Wall x15 |
| 17:40 | eXo Leech · first_building Archery Range |
| 22:34 | eXo BlackOut · first_building Archery Range |
| 22:54 | faker · tribute_sent a jugador 1 |
| 22:54 | faker · tribute_sent a jugador 3 |
| 22:54 | faker · tribute_sent a jugador 4 |
| 27:19 | eXo BlackOut · first_building Monastery |
| 29:31 | faker · first_market_buy 100 wood |
| 29:36 | eXo Leech · resign |
[ AI ANALYSIS · 1 CREDIT ]
What really happened in this match?
Wolo.gg analyzes every decision: build order, eco, micro, common mistakes by bracket. Personalized analysis on WhatsApp or Discord in 30 seconds.
Civ guide
Goths
Perfil
Jugador #18961900